Workbook
Name jimusho: [2]成績採点表!$A$3:$B$23
Name 技能講習名: #REF!
Name 血液型: #REF!
Name 工種１: #REF!
Name page1: #REF!
Name page2: #REF!
Name 通常: #REF!
Name 工種工種: #REF!
Name 夏休: #REF!
Name 許可業種: #REF!
Name 工種: #REF!
Name 週休: [1]入力画面!$R$43:$S$46
Name 祝日: #REF!
Name 職種名: #REF!
Name 中止: #REF!
Name 通常実績: #REF!
Name 冬休: #REF!
Name 特殊健康診断名: #REF!
Name 特別教育名: #REF!
Name 免許資格名: #REF!

Sheet 入力シート
A1: 基本情報入力シート
A2: ・入力欄（着色部）の項目に入力すると各様式に反映されます（誤りのないようにご注意下さい）
A3: ・様式で個別に記入が必要な項目については、直接入力または手書きによりご記入下さい。
A5: 項目 | B5: 小項目 | C5: 入力欄 | D5: 備考欄
A6: 発注所属 | C6: 星名 建市
A7: 担当監督員 | C7: 渋川 太郎
A8: 工事名 | C8: 市道○△□線道路改良工事
A9: 路線・河川名 | C9: 市道○△□線
A10: 工事箇所 | C10: 渋川市○○地内
A11: 工期 | B11: 契約 | C11: 46113 | D11: 令和9年4月1日であれば「2027/4/1」と記入して下さい
B12: 着工 | C12: 46113 | D12: 令和9年4月2日であれば「2027/4/2」と記入して下さい
B13: 完成 | C13: 46381 | D13: 令和9年10月30日であれば「2027/10/30」と記入して下さい
A14: 現場代理人 | B14: 氏名 | C14: 現場 代理人
B15: 現住所 | C15: 渋川市石原１００
B16: 生年月日 | C16: 27395 | D16: 昭和50年1月1日であれば「1975/1/1」と記入して下さい
B17: 最終学歴 | C17: ○○大学
B18: 資格 | C18: １級土木施工管理技士第１２３４５６７８号 | D18: 資格名及び資格番号を記入して下さい
A19: 主任技術者 | B19: 氏名 | C19: 主任 技術者
A20: または | B20: 生年月日 | C20: 27396
A21: 監理技術者 | B21: 最終学歴 | C21: △△大学
B22: 資格 | C22: 技術士
A23: 請負代金 | B23: 税込み | C23: 50000000
A24: 受注者 | B24: 所在地 | C24: 渋川市石原１０００
B25: 会社名 | C25: 渋川建設株式会社
B26: 代表者 | C26: 渋川 代表
B27: 電話 | C27: ０２７９－２２－１１１２
B28: ファックス | C28: ０２７９－２２－１１１２

Sheet 書類一覧
B1: 工事関係書類の統一化 対象書類一覧
C2: （書類名をクリックすると各シートへ移動します）
B3: 様式No. | C3: 書 類 名 称
A4: 1 | B4: 様式－１ | C4: 現場代理人等通知書
A5: 2 | B5: 様式－１（２） | C5: 経歴書
A6: 3 | B6: 様式－１（３） | C6: 現場代理人等変更通知書
A7: 4 | B7: 様式－２ | C7: 請負代金内訳書
A8: 5 | B8: 様式－３（１） | C8: 工程表
A9: 6 | B9: 様式－３（２） | C9: 変更工程表
A10: 7 | B10: 様式－４ | C10: 掛金収納書（電子申請方式）
A11: 8 | B11: 様式－４ | C11: 掛金収納書提出用台紙
A12: 9 | B12: 様式－５（１） | C12: 請求書（前払金、中間前払金、部分払金、指定部分完済払金、完成代金）
A13: 10 | B13: 様式－５（１） | C13: 請求書（前払金、中間前払金、部分払金、指定部分完済払金、完成代金） ※インボイス対応ver
A14: 11 | B14: 様式－５（２） | C14: 請求内訳書（部分払）
A15: 12 | B15: 様式－５（３） | C15: 請求内訳書（債務）
... A45: 42 | B45: 様式－３４ | C45: 創意工夫・社会性等に関する実施状況（説明資料）

Sheet １) 様式-1
A1: 様式－１
A3: 現 場 代 理 人 等 通 知 書
L6: 年月日：
B9: ="渋川市長 "&入力シート!C6 -> 渋川市長 星名 建市 | H9: あて
K12: （受注者） | L12: =入力シート!C25 -> 渋川建設株式会社
L13: =入力シート!C26 -> 渋川 代表
B16: =TEXT(入力シート!C11," 令和e年m月d日")&"付けをもって請負契約を締結した "&入力シート!C8&"について工事請負契約書第10条に基づき現場代理人等を下記のとおり定めたので別紙経歴書を添えて通知します。" -> 令和8年4月1日付けをもって請負契約を締結した 市道○△□線道路改良工事について工事請負契約書第10条に基づき現場代理人等を下記のとおり定めたので別紙経歴書を添えて通知します。
A21: 記
B24: 現場代理人氏名 | H24: =入力シート!C14 -> 現場 代理人
B27: 主任技術者又は | H27: =入力シート!C19 -> 主任 技術者
B28: 監理技術者氏名※
B31: 監理技術者補佐
B34: 専門技術者氏名
B37: ※「資格者証（写し）」を添付する。
A39: 注： 押印を省略する場合は、以下に発行責任者及び担当者の氏名及び連絡先を記載すること。
A42: 発行責任者及び担当者
A43: ・発行責任者： | J43: （電話番号）
A44: ・担 当 者： | J44: （電話番号）

Sheet ２) 様式-1(2)
A1: 様式－１（２）
P3: 年月日：
A7: 経 歴 書
B12: （現場代理人等氏名） | H12: =入力シート!C14 -> 現場 代理人
B14: 現 住 所 | H14: =入力シート!C15 -> 渋川市石原１００
B16: 生 年 月 日 | H16: =入力シート!C16 -> 27395
B18: ＊最終学歴 | H18: =入力シート!C17 -> ○○大学
B20: 資格及び資格番号 | H20: =入力シート!C18 -> １級土木施工管理技士第１２３４５６７８号 | X20: ※現場代理人と主任（監理）技術者が別人物の場合はシートをコピーしてそれぞれ作成すること（その場合、現場代理人の資格の記載は不要）
B22: ＊職 歴
B24: ＊工事経歴
M27: ＊は、必要により記載する。

Sheet ３) 様式-1(3)
A1: 様式－１（３）
D3: 年月日：
A5: ="渋川市長 "&入力シート!C6 -> 渋川市長 星名 建市 | C5: あて
D7: （受注者） | E7: =入力シート!C25 -> 渋川建設株式会社
E8: =入力シート!C26 -> 渋川 代表
A10: 現 場 代 理 人 等 変 更 通 知 書
A12: 工 事 名 | B12: =入力シート!C8 -> 市道○△□線道路改良工事
A14: =TEXT(入力シート!C11," 令和e年m月d日")&"付けで通知した上記工事の現場代理人及び技術者を下記のとおり変更したいので、別紙経歴書を添え、工事請負契約書第10条に基づき通知します。" -> 令和8年4月1日付けで通知した上記工事の現場代理人及び技術者を下記のとおり変更したいので、別紙経歴書を添え、工事請負契約書第10条に基づき通知します。
A17: 記
A19: 現場代理人等変更年月日
A20: 変更する現場代理人等区分
A22: 旧現場代理人等氏名 | D22: 新現場代理人等氏名
A24: 変 更 事 由
A28: ※「資格者証（写し）」を添付する。
A29: (注)1． | B29: 新現場代理人等の記入内容は様式－1に準ずる。
A30: 2． | B30: 変更する現場代理人等区分には、下記から該当する区分を記載する
C31: ・現場代理人
C32: ・主任技術者
C33: ・監理技術者
C34: ・監理技術者補佐
C35: ・専門技術者
A36: 注： 押印を省略する場合は、以下に発行責任者及び担当者の氏名及び連絡先を記載すること。
A38: 発行責任者及び担当者
A39: ・発行責任者： | D39: （電話番号） | K39: （電話番号）
A40: ・担 当 者： | D40: （電話番号） | K40: （電話番号）

Sheet ４) 様式-2
A1: 様式－２ | AM1: 様式－２
T2: 年月日： | BC2: 年月日： | BD2: 45861
A3: ="渋川市長 "&入力シート!C6 -> 渋川市長 星名 建市 | H3: あて | AM3: =IF(入力シート!C23<100000000,"群馬県"&入力シート!C6&"長","群馬県知事") -> 群馬県星名 建市長 | AT3: あて
S5: （受注者） | T5: =入力シート!C25 -> 渋川建設株式会社 | AZ5: （受注者） | BC5: =入力シート!C25 -> 渋川建設株式会社
T6: =入力シート!C26 -> 渋川 代表 | BC6: =入力シート!C26 -> 渋川 代表
A7: 請負代金内訳書 | AM7: 請負代金内訳書
A9: 工事名 | D9: =入力シート!C8 -> 市道○△□線道路改良工事 | AM9: 工 事 名 | AP9: =入力シート!C8 -> 市道○△□線道路改良工事
A10: 契約年月日 | D10: =入力シート!C11 -> 46113 | AM10: 契約年月日 | AP10: =入力シート!C11 -> 46113
A11: 工期 | D11: =入力シート!C12 -> 46113 | K11: ～ | N11: =入力シート!C13 -> 46381 | V11: 迄 | AM11: 工 期 | AP11: =入力シート!C12 -> 46113 | AZ11: =入力シート!C13 -> 46381 | BJ11: 迄
A13: 費 目 | D13: 工 種 | I13: 種別 | K13: 細別 | M13: 規格 | O13: 単位 | Q13: 員 数 | S13: 単価 | U13: 金 額 | AM13: 費 目 | AP13: 工 種 | AU13: 種別 | AW13: 細別 | AY13: 規格 | BA13: 単位 | BC13: 員 数 | BF13: 単価 | BH13: 金 額
AM14: 道路改良
AP15: 道路土工 | BA15: 式 | BC15: 1 | BH15: 777000
AP16: 擁壁工 | BA16: 式 | BC16: 1 | BH16: 185000
AP17: カルバート工 | BA17: 式 | BC17: 1 | BH17: 4000000
AM18: 舗装
AP19: 舗装工 | BA19: 式 | BC19: 1 | BH19: 10000000
AP20: 仮設工 | BA20: 式 | BC20: 1 | BH20: 2000000
AM21: 直接工事費 | BH21: =SUM(BH15:BJ20) -> 16962000
AP22: 共通仮設費 | BA22: 式 | BC22: 1 | BH22: 2500000
AM23: 純工事費 | BH23: =BH21+BH22 -> 19462000
AP24: 現場管理費 | BA24: 式 | BC24: 1 | BH24: 5000000
AM25: 工事原価 | BH25: =BH23+BH24 -> 24462000
AP26: 一般管理費等 | BA26: 式 | BC26: 1 | BH26: 3000000
AM27: 工事価格 | BH27: =BH25+BH26 -> 27462000
AM28: 消費税相当額 | BH28: =BH27*0.1 -> 2746200
AM29: 工事費計 | BH29: =BH27+BH28 -> 30208200
A31: （工事価格のうち、現場労働者に関する健康保険、厚生年金保険及び雇用保険の法定の事業主負担額 円） | AM31: （工事価格のうち、現場労働者に関する健康保険、厚生年金保険及び雇用保険の法定の事業主負担額 円）

Sheet ５) 様式-3(1)
A1: 様式－３（１）
A2: 工 程 表
AK3: 年月日：
B4: ="渋川市長 "&入力シート!C6 -> 渋川市長 星名 建市 | K4: あて
A7: 工事名 | D7: =入力シート!C8 -> 市道○△□線道路改良工事
A8: 工 期 | D8: 自 | E8: =入力シート!C12 -> 46113 | M8: 至 | N8: =入力シート!C13 -> 46381 | AE8: （受注者） | AG8: =入力シート!C25 -> 渋川建設株式会社
AG9: =入力シート!C26 -> 渋川 代表
N11: 月 | T11: 月 | Z11: 月 | AF11: 月 | AL11: 月 | AR11: 月
I13: 1 | K13: 11 | M13: 21 | O13: 1 | Q13: 11 | S13: 21 | U13: 1 | W13: 11 | Y13: 21 | AA13: 1 | AC13: 11 | AE13: 21 | AG13: 1 | AI13: 11 | AK13: 21 | AM13: 1 | AO13: 11 | AQ13: 21
B14: 工 種
A29: 記載要領 | E29: 1 工種は工事数量総括表の工種を記載する。（工種以外でも必要なものは、記載する。）
E30: 2 予定工程は黒実線をもって表示する。
A32: 注： 押印を省略する場合は、以下に発行責任者及び担当者の氏名及び連絡先を記載すること。
A34: 発行責任者及び担当者
A35: ・発行責任者： | R35: （電話番号）
A36: ・担 当 者： | R36: （電話番号）

Sheet ６) 様式-3(2)
A1: 様式－３（２）
A2: 変 更 工 程 表
AK3: 年月日：
B4: ="渋川市長 "&入力シート!C6 -> 渋川市長 星名 建市 | K4: あて
A7: 工事名 | D7: =入力シート!C8 -> 市道○△□線道路改良工事
A8: 工 期 | D8: 自 | E8: =入力シート!C12 -> 46113 | M8: 至 | N8: =入力シート!C13 -> 46381 | AE8: （受注者） | AG8: =入力シート!C25 -> 渋川建設株式会社
A9: 変更工期 | D9: 自 | M9: 至 | AG9: =入力シート!C26 -> 渋川 代表
N11: 月 | T11: 月 | Z11: 月 | AF11: 月 | AL11: 月 | AR11: 月
I13: 1 | K13: 11 | M13: 21 | O13: 1 | Q13: 11 | S13: 21 | U13: 1 | W13: 11 | Y13: 21 | AA13: 1 | AC13: 11 | AE13: 21 | AG13: 1 | AI13: 11 | AK13: 21 | AM13: 1 | AO13: 11 | AQ13: 21
B14: 工 種
A29: 記載要領 | E29: 1 工種は工事数量総括表の工種を記載する。（工種以外でも必要なものは、記載する。）
E30: 2 当初契約の工程は黒実線をもって表示する。また、変更契約の工程は下段に黒点線もしくは赤実線をもって表示する。
A32: 注： 押印を省略する場合は、以下に発行責任者及び担当者の氏名及び連絡先を記載すること。
A34: 発行責任者及び担当者
A35: ・発行責任者： | R35: （電話番号）
A36: ・担 当 者： | R36: （電話番号）

Sheet ７) 様式-4_1（電子申請）
C2: 様式－４（１） | J2: 掛金収納書（電子申請方式）
D4: （共済契約者が発注者へ）
D6: 共済契約者番号
D7: 共済契約者名 （法人または事業主氏名）
D9: ＪＶの場合は 共同企業体名
D13: 掛金収納書番号 （お問い合わせの際は、この番号と共済契約者名をお知らせください。）
D19: 収納年月日
D22: 退職金ポイント購入額
D23: 単価 | I23: 購入日数 | R23: 購入額
D24: ３１０円 （中小企業用） | P24: 日 | AA24: 円
D25: ３１０円 （大手企業用） | P25: 日 | AA25: 円
D26: 合計 | P26: 日 | AA26: 円
D28: 工事情報
D29: 工事の区分 | I29: 発注者名
D30: ○ | E30: 公共 | I30: ="渋川市長 "&入力シート!C6 -> 渋川市長 星名 建市
E31: 民間
E32: その他 | I32: 元請契約の工事番号および工事名
I33: =入力シート!C8 -> 市道○△□線道路改良工事
I35: 総工事費 | N35: 円
I37: 当該工事の退職金ポイント購入の考え方
D45: この掛金収納書は、電子申請方式の退職金ポイントの購入を証する書です。 | S45: 独立行政法人勤労者退職金共済機構
S46: 建設業退職金共済事業本部
D47: 税務処理には使用できません。
D48: また、公共工事を請け負った場合には、発注官庁等からこの掛金収納書の提出を求められる場合がありますので、大切に管理・保管願います。
D52: (参考)
D53: 建設キャリアアップシステム登録情報
E55: 本工事を施工する下請負人を含めた
E56: 建設キャリアアップシステムへの登録の有無 | X56: （有） | Z56: （無）
E57: 元請負人の建設キャリア アップシステム事業者ＩＤ
E60: 本工事について、下請負人を含めた施工体制登録の有無 | X60: （有） | Z60: （無）
E61: 本現場の建設キャリア アップシステム現場ID
E64: 本工事について、カードリーダーの設置等、就業履歴が蓄積可能な環境の有無 | X64: （有） | Z64: （無）

Sheet 8) 様式-4_2（証紙貼付）
A1: 様式－４（２）
B3: ="渋川市長 "&入力シート!C6 -> 渋川市長 星名 建市 | E3: あて
B5: 工事番号および工事名 | D5: =入力シート!C8 -> 市道○△□線道路改良工事
B7: 建設キャリアアップシステム現場ID | H7: 総工事費 | J7: 円
C9: 受注者（元請）
C11: 住 所
C13: 名 称
C15: 共済契約者番号
C17: 建設キャリアアップシステム事業者ID
C19: 共済証紙購入額 | J19: 円
D21: 掛金収納書提出用台紙
C23: 掛金収納書を貼る（契約者から発注者用）
B46: 当該工事における共済証紙購入の考え方 (該当する□に✓をチェックして下さい)
B48: □１．発注者の指示のとおり
B50: □２．対象労働者数と当該労働者の就労日数を的確に把握している場合
B52: □３．対象労働者数と当該労働者の就労日数の把握が困難な場合
B55: □４．その他
C57: 購入額の根拠を記入
B59: （参考）
B60: 建設キャリアアップシステム登録情報
B62: 共済契約者である元請負人の建設キャリアアップシステム事業者登録の有無 （ 有 ・ 無 ）
B64: 本工事について、現場・契約情報の建設キャリアアップシステムへの登録の有無 （ 有 ・ 無 ）
B66: 本工事について、カードリーダーの設置等、就業履歴が蓄積可能な環境の有無 （ 有 ・ 無 ）

Sheet 9) 様式-5(1)
A1: 様式－５（１）
W2: 年月日：
H4: 請求書 | M4: （ | X4: ）
B7: ="渋川市長 "&入力シート!C6 -> 渋川市長 星名 建市 | K7: あて
V10: 請求者 （住所） | W10: =入力シート!C24 -> 渋川市石原１０００
V12: （氏名） | W12: =入力シート!C25 -> 渋川建設株式会社
W13: =入力シート!C26 -> 渋川 代表
B14: 下記のとおり請求します。
D16: 請求金額 | H16: ￥
B19: ただし、次の工事の( | V19: )として
B21: 工事名 | E21: =入力シート!C8 -> 市道○△□線道路改良工事
B23: 契約日 | F23: =入力シート!C11 -> 46113
B25: 契約金額 | F25: ￥ | G25: =入力シート!C23 -> 50000000
B27: 振込希望金融機関名 | S27: 銀行 金庫 | AF27: 店
B29: 預金の種別
B31: 口座番号
B33: 口座名義
B35: フリガナ
B37: 振込指定コード番号
D40: (注)1． | E40: （ ）には前払金、中間前払金、部分払金、指定部分完済払金、完成代金の別を記入すること。
D42: 2． | E42: 部分払金を請求する場合は、請求内訳書（部分払の場合又は債務の場合）を添付すること。
D44: 3． | E44: 指定部分完済払代金を請求する場合には、請求内訳書（指定部分払の場合）を添付すること。
B46: 注： 押印を省略する場合は、以下に発行責任者及び担当者の氏名及び連絡先を記載すること。
C48: 発行責任者及び担当者
C49: ・発行責任者： | S49: （電話番号）
C50: ・担 当 者： | S50: （電話番号）

Sheet 9) 様式-5(1)※インボイス対応ver
A1: 様式－５（１）
W2: 年月日：
H4: 請求書 | M4: （ | X4: ）
B7: ="渋川市長 "&入力シート!C6 -> 渋川市長 星名 建市 | K7: あて
V10: 請求者 （住所） | W10: =入力シート!C24 -> 渋川市石原１０００
V12: （氏名） | W12: =入力シート!C25 -> 渋川建設株式会社
W13: =入力シート!C26 -> 渋川 代表
T14: 登録番号
B15: 下記のとおり請求します。
D17: 請求金額 | H17: ￥
F18: 8%対象 | Q18: 円 消費税 | AB18: 円
F19: 10%対象 | Q19: 円 消費税 | AB19: 円
F20: 合計 | Q20: 円 合計 | AB20: 円
B23: ただし、次の工事の( | V23: )として
B25: 工事名 | E25: =入力シート!C8 -> 市道○△□線道路改良工事
B27: 契約日 | F27: =入力シート!C11 -> 46113
B29: 契約金額 | F29: ￥ | G29: =入力シート!C23 -> 50000000
B31: 振込希望金融機関名 | S31: 銀行 金庫 | AF31: 店
B33: 預金の種別
B35: 口座番号
B37: 口座名義
B39: フリガナ
B41: 振込指定コード番号
E44: (注)1． | F44: （ ）には前払金、中間前払金、部分払金、指定部分完済払金、完成代金の別を記入すること。
E46: 2． | F46: 部分払金を請求する場合は、請求内訳書（部分払の場合又は債務の場合）を添付すること。
E48: 3． | F48: 指定部分完済払代金を請求する場合には、請求内訳書（指定部分払の場合）を添付すること。
B50: 注： 押印を省略する場合は、以下に発行責任者及び担当者の氏名及び連絡先を記載すること。
D52: 発行責任者及び担当者
D53: ・発行責任者： | T53: （電話番号）
D54: ・担 当 者： | T54: （電話番号）

Sheet 10) 様式-5(2)
A1: 様式－５（２）
AE3: （部分払の場合）
A6: 請 求 内 訳 書
A9: 1. | C9: 請負代金額 | L9: （A） | O9: ￥ | P9: =入力シート!C23 -> 50000000
A12: 2. | C12: 前払金額 | L12: （B） | O12: ￥
A15: 3. | C15: 出来高金額 | L15: （C） | O15: ￥
A18: 4. | C18: 前回までの出来高金額 | L18: （D） | O18: ￥
A21: 5. | C21: 今回の出来高金額
L22: （E=C-D） | O22: ￥ | P22: =IF(P15-P18=0,"",P15-P18)
A25: 6. | C25: 請求し得る金額 | J25: (E×(9/10-B/A)) | O25: ￥ | P25: =IF(ISERROR(P22*(9/10-(AB26/100))),"",P22*(9/10-(AB26/100))) | Z25: B/A= | AB25: =IF(ISERROR(P12/P9*100),"",P12/P9*100) -> 0 | AE25: ％
AA26: ≒ | AB26: =IF(ISERROR(ROUNDUP(AB25,0)),"",ROUNDUP(AB25,0)) -> 0 | AE26: ％
A28: 7. | C28: 今回請求する金額 | O28: ￥ | P28: =IF(ISERROR(ROUNDDOWN(P25,-3)),"",ROUNDDOWN(P25,-3))
A32: （注） | D32: 1. | E32: （6）欄の末尾にはB/Aの割合を記入すること。ただし、B/Aの率は1％未満は切上げ、今回請求する金額は1,000円単位に切り下げて丸めること。
D34: 2. | E34: 工事請負契約書第38条第6項及び第7項により算出

Sheet 11) 様式-5(3)
A1: 様式－５（３）
AG3: （債務の場合）
A6: 請 求 内 訳 書
B9: 区 分 | N9: 金 額 | W9: 備 考
B10: 出来高金額 | L10: A | N10: ￥
B11: 今回請求する年度までの各年度の出来高と予定額の総額 | L11: B | N11: ￥
B12: A×9/10 | L12: C | N12: ￥
B13: 前回までの受領済額 | L13: D | N13: ￥
B14: （前会計年度までの受領済額＋当該会計年度の部分払金受領済額)
B16: 前年度までの出来高予定額＋ 出来高超過 | L16: E | N16: ￥ | O16: =IF(Y17+Y19=0,"",Y17+Y19) | W16: 前年度までの出来高予定額
X17: \
W18: 出来高超過
X19: \
B20: 当該年度の前払金/ 当該年度の出来高予定額 | L20: F | N20: ￥ | Z20: % | AA20: ≒ | AB20: =IF(OR(W20="",ISERROR(ROUNDUP(W20,0))),"",ROUNDUP(W20,0)) | AF20: %
B21: 請求し得る金額 C－D-｛（A－E×F）｝ | L21: G | N21: ￥
B22: 今回請求する金額 | N22: ￥ | O22: =IF(ISERROR(ROUNDDOWN(O21,-3)),"",ROUNDDOWN(O21,-3)) -> 0
A26: （注） | C26: 1. | D26: A≧Bの場合は、C～Gまでは記入しない。
C27: 2. | D27: C欄の金額は、円以下銭まで算出すること。
C28: 3. | D28: F欄の率は、小数点以下は切り上げること。
C29: 4. | D29: 今回請求する金額は、千円未満を切り捨てること。
C30: 5. | D30: 工事請負契約書第63条第2項（1）により算出する。
C31: 6. | D31: 工事請負契約書第63条第2項（2）を採用した場合（中間前払金）は、次のとおり読み替えるものとする。
D33: イ | F33: D欄については「前年度会計年度までの受領金額」とする。
D34: ロ | F34: E欄については「前年度までの出来高予定額」とする。
D35: ハ | F35: F欄については「 | M35: 当該会計年度の前払金＋当該会計年度の中間前払金 | AD35: 」
M36: 当該会計年度の出来高予定額
C37: 7. | D37: 請負代金相当額は出来高金額（工事請負契約書第38条第2項に基づく既済部分検査後の協議済額）とする。

Sheet 12) 様式-5(4)
A1: 様式－５（４）
AF3: （指定部分払の場合）
A6: 請 求 内 訳 書
G10: 区分 | L10: 総額 | U10: 内訳
B11: 名称 | U11: 指定部分 | AA11: その他
B12: 請負代金額 | J12: A | L12: ￥ | U12: a' | AA12: a"
B13: 前払金額 | J13: B | L13: ￥ | U13: b' | V13: =IF(ISERROR(V12/M12*M13),"",ROUNDUP(V12/M12*M13,0)) | AA13: b" | AB13: =IF(ISERROR(M13-V13),"",M13-V13)
B14: 前回までの出来高 部分払金受領済額 | J14: C | L14: ￥ | U14: c' | AA14: c"
B15: 請求し得る金額 | J15: D | L15: ￥ | M15: =IF(ISERROR(V12-V13-V14),"",V12-V13-V14) | U15: d'
B19: (注) | D19: 1. | E19: 各計算は次によるものとする。
E20: b'＝a'/A×B（円未満は切り上げること）
E21: b"＝B－b'
E22: D＝a'－b'-c'
D24: 2. | E24: 上記b'の計算は債務工事以外の場合に使用し、債務工事の場合は、
E25: 契約担当が指示する。

Sheet 13) 様式-6(1)
A1: 様式－６（１）
C2: 年月日： | D2: 令和 年 月 日
A4: Ｖ Ｅ 提 案 書
A7: ="渋川市長 "&入力シート!C6 -> 渋川市長 星名 建市 | C7: あて
C12: （受注者） | D12: =入力シート!C25 -> 渋川建設株式会社
D13: =入力シート!C26 -> 渋川 代表
A15: 工事請負契約書第１９条の２に基づきＶＥ提案書を提出いたします。
A17: 工事件名： | C17: 連絡者
A18: =入力シート!C8 -> 市道○△□線道路改良工事 | C18: 氏 名
A19: 契約締結日： | C19: ＴＥＬ
A20: =入力シート!C11 -> 46113 | C20: ＦＡＸ
A22: ＶＥ提案の概要 注）記入欄が不足する場合には、様式－６(1)の２として
A23: 追記して下さい。なお、概算低減額は、提案を審
A24: 査する上で参考とするものです。
A30: 番 号 | B30: 項 目 内 容 | D30: 概算低減額：千円
A52: 概 算 低 減 額 合 計
A55: 注： 押印を省略する場合は、以下に発行責任者及び担当者の氏名及び連絡先を記載すること。
A57: 発行責任者及び担当者
A58: ・発行責任者： | D58: （電話番号）
A59: ・担 当 者： | D59: （電話番号）

Sheet 14) 様式-6(2)
A1: 様式－６（２）
A3: 番 号 | C3: 項 目 内 容
A7: （１）設計図書の定める内容と、ＶＥ提案の内容の対比
A9: 【現状】 | C9: 略図等 | E9: 【改善案】 | G9: 略図等
A25: （２）提案理由
A34: （３）ＶＥ提案の実施方法（材料仕様、施工要領等を記入）
A46: （４）品質保証の証明（品質保証書の添付等）
A53: （５）その他

Sheet 15) 様式-6(3)
A1: 様式－６（３）
A3: 番 号 | D3: 項目内容
A5: ＶＥ提案による概算低減額及び算出根拠
A7: 【 現 状 】 | G7: 単位：千円 | H7: 【 改善案 】 | M7: 単位：千円
N8: 摘 要
A10: 名 称 | B10: 規 格 | C10: 単位 | D10: 数 量 | E10: 単 価 | G10: 金 額 | H10: 名 称 | I10: 規 格 | J10: 単位 | K10: 数 量 | L10: 単 価 | M10: 金 額

Sheet 16) 様式-6(4)
A1: 様式－６（４）
A3: 番 号 | C3: 項目内容
A7: （１）工業所有権等の排他的権利を含むＶＥ提案である場合、その取扱いに関する事項
A25: （２）ＶＥ提案が採用された場合に留意すべき事項（提案内容の公表に係る所見等）

Sheet 17) 様式-9
A1: 様式－９
A2: 工 事 打 合 せ 簿
A3: 発議者 | E3: 発注者 受注者 | J3: 発議年月日
A4: 発議事項 | E4: 指示 協議 通知 承諾 報告 提出
E5: その他 | H5: （ | T5: ）
A6: 工事名 | E6: =入力シート!C8 -> 市道○△□線道路改良工事
B7: （内容）
B23: 添付図 | G23: 葉、その他添付図書
B24: 発注者 | C24: 上記について | G24: 指示 | I24: 承諾 | K24: 協議 | M24: 提出 | O24: 受理 | Q24: します。
A25: 処理
G26: その他
A29: ・ | L29: 年月日：
B30: 受注者 | C30: 上記について | G30: 指示 | I30: 承諾 | K30: 協議 | M30: 提出 | O30: 受理 | Q30: します。
A31: 回答
G32: その他
L35: 年月日：
A37: 課長 | D37: 係長 | G37: 係 | K37: 監督員 | O37: 現 場 代理人 | R37: 主 任 （監 理） 技術者
H45: 係員

Sheet 18) 様式-10
A1: 様式－１０
A2: 材 料 確 認 書
P4: 年月日：
D5: 工事名 | F5: =入力シート!C8 -> 市道○△□線道路改良工事
E7: 標記工事について、下記の材料について確認されたく提出します。
A9: 記
B11: 材料名 | E11: 品質規格 | H11: 単位 | J11: 搬入数量 | M11: 確 認 欄 | V11: 備考
M12: 確認年月日 | P12: 確認方法 | R12: 合格数量 | T12: 確認印
D30: 係長 | G30: 係 | K30: 監督員 | R30: 現 場 代理人 | U30: 主 任 （監 理） 技術者

Sheet 19) 様式-11
A1: 様式－１１
A3: 段 階 確 認 書
A4: 施 工 予 定 表
Q6: 年月日：
C8: 下記のとおり施工段階の予定時期を報告いたします。
B11: 工事名 | D11: =入力シート!C8 -> 市道○△□線道路改良工事 | M11: 受注者名： | R11: =入力シート!C25 -> 渋川建設株式会社
M13: 現場代理人名等： | R13: =入力シート!C14 -> 現場 代理人
B15: 種 別 | F15: 細 別 | J15: 確認時期項目 | O15: 施工予定時期 | T15: 記 事
Q26: 年月日：
A28: 通 知 書
A30: 下記種別について、段階確認を行う予定であるので通知します。
S31: 監督職員名： | T31: =入力シート!C7 -> 渋川 太郎
B33: 確 認 種 別 | F33: 確 認 細 別 | J33: 確認時期項目 | O33: 確認時期予定日 | T33: 確認実施日等
Q42: 年月日：
A44: 確 認 書
B46: 上記について、段階確認を実施し確認した。
R48: 監督職員名： | S48: =入力シート!C7 -> 渋川 太郎

Sheet 20) 様式-13
A1: 様式－１３
A3: 事 故 速 報 （第 報）
A6: 情報の通報者名 | E6: （受注者名、第三者名等）
N7: 年 月 日 時 分受信
A14: 発信者 | P14: 受信者
A15: 事故発生月日 | G15: 年 月 日（ ） 時 分 | P15: 天候（温度）
A16: 事故発生場所
A17: 工事名 | D17: =入力シート!C8 -> 市道○△□線道路改良工事
E18: =入力シート!C12 -> 46113 | H18: から
A19: 工期 | L19: 契約区分
E20: =入力シート!C13 -> 46381 | H20: まで
A21: 受注者名 | D21: =入力シート!C25&入力シート!C26 -> 渋川建設株式会社渋川 代表
A22: 事故の内訳 | B22: 氏 名 | E22: 年 齢 | G22: 性 別 | I22: 職 種 | L22: 被害の程度 | O22: 備 考（病院名等）
A26: 事 故 の 概 要 | B26: ※事故の原因、経緯、処置、種類（「墜落・転落」「飛来・落下」「切れ・こすれ」等）、
B27: 事故レベル（「Ⅰ軽微な事故」「Ⅱ重度の事故」「Ⅲ死亡等重大な事故」）等
A38: 備 考
B39: ※関係機関（労働基準監督署、警察署等）対応状況
B40: ・被災者の装備、自然環境の状況（河川水位等）
B41: ・下請負人等の商号又は名称
B42: ・物的被害の場合は、規模、被害額等
B43: ・労働基準監督署・警察署への届・通報年月日、検証取調べ等の内容
B44: ・再発防止対策
B45: ・連絡先等
A47: ※ | B47: ①事故現場の平面図及び簡単な状況図を添付すること。
B48: ②工事事故発生確認後、直ちに電話により担当部署に連絡する。また、状況を把握でき次第、早急にメール又はＦＡＸで担当部署に本様式により報告を行うものとし、更に詳細な状況が把握された段階で逐次報告するものとする。

Sheet 21) 様式-14
A1: 様式－１４
A2: 工 事 履 行 報 告 書
A4: 工事名 | C4: =入力シート!C8 -> 市道○△□線道路改良工事
A5: 工期 | C5: =入力シート!C12 -> 46113 | L5: ～ | M5: =入力シート!C13 -> 46381
A6: 日付 | M6: （ | P6: 月分）
A7: 月 別 | G7: 予定工程 ％ （ ）は工程変更後 | M7: 実施工程 ％ | S7: 備 考
A18: （記事欄）
C24: 課長 | F24: 係長 | I24: 係 | M24: 監督員 | Q24: 現 場 代理人 | T24: 主 任 （監理） 技術者

Sheet 22) 様式-15
A1: 様式－１５
F3: 年月日：
A5: ="渋川市長 "&入力シート!C6 -> 渋川市長 星名 建市 | D5: あて
E8: （受注者） | F8: =入力シート!C25 -> 渋川建設株式会社
F9: =入力シート!C26 -> 渋川 代表
A12: 認 定 請 求 書
A15: 工事請負契約書第35条第5項に基づき、下記工事の中間前金払の認定を請求します。
A18: 記
B20: 契 約 日 | D20: =入力シート!C11 -> 46113
B23: 工 事 名 | D23: =入力シート!C8 -> 市道○△□線道路改良工事
B26: 工 期 | D26: 自 | E26: =入力シート!C12 -> 46113
D28: 至 | E28: =入力シート!C13 -> 46381
B30: 工 事 場 所 | D30: =入力シート!C10 -> 渋川市○○地内
B33: 請 負 代 金 額 | D33: ￥ | E33: =入力シート!C23 -> 50000000
A37: (注) | B37: 債務負担行為に基づく契約の場合は請負代金額欄の下段に各年度の
B39: 【記載例】
C40: （出来高予定額） | E40: ○○年度 | G40: ￥ △△△
E41: ～ | G41: ～
E42: □□年度 | G42: ￥ ×××
A44: 注： 押印を省略する場合は、以下に発行責任者及び担当者の氏名及び連絡先を記載すること。
A46: 発行責任者及び担当者
A47: ・発行責任者： | E47: （電話番号）
A48: ・担 当 者： | E48: （電話番号）

Sheet 23) 様式-16
A1: 様式－１６
X3: 年月日：
B5: ="渋川市長 "&入力シート!C6 -> 渋川市長 星名 建市 | K5: あて
U9: （受注者） | V9: =入力シート!C25 -> 渋川建設株式会社
V10: =入力シート!C26 -> 渋川 代表
A12: 指 定 部 分 完 成 通 知 書
D15: 下記工事の指定部分は、 | T15: をもって完成したので工事請負
C17: 契約書第39条第1項に基づき通知します。
A19: 記
D21: 工事名 | J21: =入力シート!C8 -> 市道○△□線道路改良工事
D24: 工期 | J24: 自 | K24: =入力シート!C12 -> 46113 | T24: 至 | U24: =入力シート!C13 -> 46381
D27: 請負代金額 | J27: ￥ | K27: =入力シート!C23 -> 50000000
D30: 指定部分工期 | J30: 自 | T30: 至
D33: 指定部分に対する請負代金額 | O33: ￥
D37: (注) | F37: 債務負担行為に基づく契約の場合は請負代金額欄の下段に各年度の
F38: 出来高予定額を記入すること。
F39: 【記載例】
G40: （出来高予定額） | M40: ○○年度 | U40: ￥ △△△
O41: ～ | U41: ～
M42: □□年度 | U42: ￥ ×××
B44: 注： 押印を省略する場合は、以下に発行責任者及び担当者の氏名及び連絡先を記載すること。
C46: 発行責任者及び担当者
C47: ・発行責任者： | R47: （電話番号）
C48: ・担 当 者： | R48: （電話番号）

Sheet 24) 様式-17
A1: 様式－１７
W3: 年月日：
B5: ="渋川市長 "&入力シート!C6 -> 渋川市長 星名 建市 | K5: あて
T11: （受注者） | U11: =入力シート!C25 -> 渋川建設株式会社
U12: =入力シート!C26 -> 渋川 代表
A14: 指 定 部 分 引 渡 書
D17: 下記工事の指定部分を工事請負契約書第39条第1項に基づき引渡します。
B19: 工事名 | J19: =入力シート!C8 -> 市道○△□線道路改良工事
B20: 指定部分
B21: 全体工期 | J21: 自 | L21: =入力シート!C12 -> 46113 | T21: 至 | V21: =入力シート!C13 -> 46381
B22: 指定部分に係る工期 | J22: 自 | T22: 至
B23: 請負代金額 | J23: ￥ | L23: =入力シート!C23 -> 50000000
B24: 指定部分に係る 請負代金額 | J24: ￥
B25: 指定部分に係る 検査年月日
B27: 注： 押印を省略する場合は、以下に発行責任者及び担当者の氏名及び連絡先を記載すること。
B29: 発行責任者及び担当者
B30: ・発行責任者： | R30: （電話番号）
B31: ・担 当 者： | R31: （電話番号）

Sheet 25) 様式-18
A1: 様式－１８
A2: 工 事 出 来 高 内 訳 書
A3: =入力シート!C8 -> 市道○△□線道路改良工事 | L3: =入力シート!C25 -> 渋川建設株式会社
A4: 費目 | B4: 工種 | C4: 種別 | D4: 単位 | E4: 契約数量（Ａ） | F4: 構成比（Ｂ） | G4: 前回までの出来形数量 | H4: 今回出来形数量 | I4: 今回までの出来形累計数量（Ｃ） | J4: 残数量 | K4: 出来形比率（Ｄ）％ | L4: 摘要
A18: 直接工事費
A19: 共通仮設費

Sheet 26) 様式-19
A1: 様式－１９
E3: 年月日：
B6: ="渋川市長 "&入力シート!C6 -> 渋川市長 星名 建市 | C6: あて
D10: （受注者） | E10: =入力シート!C25 -> 渋川建設株式会社
E11: =入力シート!C26 -> 渋川 代表
A14: 請 負 工 事 既 済 部 分 検 査 請 求 書
B17: 工事請負契約書第38条第2項により既済部分検査を請求します。
A20: 記
B22: 工 事 名 | C22: =入力シート!C8 -> 市道○△□線道路改良工事
B23: 工 期 | C23: 自 | D23: =入力シート!C12 -> 46113
C24: 至 | D24: =入力シート!C13 -> 46381
B30: 注： 押印を省略する場合は、以下に発行責任者及び担当者の氏名及び連絡先を記載すること。
B32: 発行責任者及び担当者
B33: ・発行責任者： | D33: （電話番号）
B34: ・担 当 者： | D34: （電話番号）

Sheet 27) 様式-21
A1: 様式－２１
A3: 年 月 日
A5: ="渋川市長 "&入力シート!C6 -> 渋川市長 星名 建市 | D5: あて
A9: （受注者） | F9: =入力シート!C25 -> 渋川建設株式会社
F10: =入力シート!C26 -> 渋川 代表
A15: 修 補 完 了 届
A19: 年 月 日の（ ）検査において、指示されました
A21: 修補部分については、下記のとおり完了しましたのでお届けいたします。
A24: 記
A27: 工 事 名 | D27: =入力シート!C8 -> 市道○△□線道路改良工事
A29: 契 約 額 | D29: =入力シート!C23 -> 50000000
A31: 工 事 場 所 | D31: =入力シート!C10 -> 渋川市○○地内
A33: 契 約 | D33: =入力シート!C11 -> 46113
A35: 期 限 | D35: 年 月 日
A37: 完 了 | D37: 年 月 日
A39: 修補、改造箇所及び補修内容
A44: －－－－－－－－－－－－－－－－－－－－－－－－－－－－－－－－－－－－－－－
A45: （注）本文（ ）内には検査種類を記入する。
A47: 注： 押印を省略する場合は、以下に発行責任者及び担当者の氏名及び連絡先を記載すること。
A49: 発行責任者及び担当者
A50: ・発行責任者： | E50: （電話番号）
A51: ・担 当 者： | E51: （電話番号）

Sheet 28) 様式-22
A1: 様式－２２
V3: 年月日：
B6: 受信者： | E6: （受注者）又は渋川市長 | P6: あて
Q9: 発信者：（受注者）又は渋川市長
T10: =入力シート!C26 -> 渋川 代表
A13: 工事の部分使用について
C17: 標記について、下記のとおり部分使用することを、工事請負契約書第34条第1項
C19: に基づき（ | H19: 協議 ・ 承諾 | O19: ）する。
A22: 記
D25: 1．使用目的
D29: 2．使用部分
D33: 3．使用期間 | J33: 自
J34: 至
D36: 4．使用者
D40: 5．その他
D45: (注) | F45: 1. | G45: （協議・承諾）には、いずれかに印をつける。
F46: 2. | G46: 協議の場合は、受信者を「受注者名」、発信者を「発注者名」
G47: として、発注者が作成する。
F48: 3. | G48: 承諾の場合は、受信者を『発注者名』、発信者を『受注者名』
G49: として、受注者が作成する。

Sheet 29) 様式-23
A1: 様式－２３
W3: 年月日：
A5: ="渋川市長 "&入力シート!C6&" 様" -> 渋川市長 星名 建市 様 | K5: あて
Q7: （受注者名） | V7: =入力シート!C25 -> 渋川建設株式会社
V8: =入力シート!C26 -> 渋川 代表
A11: 工 期 延 期 届
A14: 工事請負契約書第22条による工期の延長を下記のとおり請求します。
A17: 記
A19: 工 事 名 | I19: =入力シート!C8 -> 市道○△□線道路改良工事
A21: 契 約 月 日 | I21: =入力シート!C11 -> 46113
A23: 工 期 | I23: 自 | O23: =入力シート!C12 -> 46113
I24: 至 | O24: =入力シート!C13 -> 46381
A25: 延 長 工 期 | I25: 自 | O25: 令和 年 月 日
I26: 至 | O26: 令和 年 月 日
A27: 理 由
B35: (注)
D36: 1 | E36: 必要により下記書類を添付すること。
E37: a | F37: 工程表（契約当初工程と現在迄の実際の工程及び延長工程の3工程を対象させ、詳細に記入すること。）
E39: b | F39: 天候表、気温表、湿度表、雨量表、積雪表、風速表等工期中と過去の平均とを対照し最寄気象台等の証明等をうけること。
E41: c | F41: 写真、図面等
D42: 2 | E42: 理由は詳細に記入すること。
A44: 注： 押印を省略する場合は、以下に発行責任者及び担当者の氏名及び連絡先を記載すること。
B46: 発行責任者及び担当者
B47: ・発行責任者： | P47: （電話番号）
B48: ・担 当 者： | P48: （電話番号）

Sheet 30) 様式-24
A1: 様式－２４
A3: 支 給 品 受 領 書
A7: ="渋川市長 "&入力シート!C6 -> 渋川市長 星名 建市 | D7: あて
H9: 年月日：
G11: 受注者 （住所） | H11: =入力シート!C24 -> 渋川市石原１０００
G13: （氏名） | H13: =入力シート!C25 -> 渋川建設株式会社
H14: =入力シート!C26 -> 渋川 代表
G15: （現場代理人氏名） | H15: =入力シート!C14 -> 現場 代理人
A17: 下記のとおり支給品を受領しました。
A19: 記
A21: 工 事 名 | B21: =入力シート!C8 -> 市道○△□線道路改良工事 | H21: 契約年月日 | J21: =入力シート!C11 -> 46113
A22: 品 目 | C22: 規 格 | D22: 単 位 | E22: 数 量 | J22: 備 考
E23: 前回まで | F23: 今 回 | H23: 累 計
A32: 注： 押印を省略する場合は、以下に発行責任者及び担当者の氏名及び連絡先を記載すること。
A34: 発行責任者及び担当者
A35: ・発行責任者： | F35: （電話番号）
A36: ・担 当 者： | F36: （電話番号）

Sheet 31) 様式-25
A1: 様式－２５
A3: 支 給 品 精 算 書
I5: 年月日：
A7: ="渋川市長 "&入力シート!C6 -> 渋川市長 星名 建市 | D7: あて
G9: 受注者 （住所） | H9: =入力シート!C24 -> 渋川市石原１０００
G11: （氏名） | H11: =入力シート!C25 -> 渋川建設株式会社
H12: =入力シート!C26 -> 渋川 代表
G13: （現場代理人氏名） | H13: =入力シート!C14 -> 現場 代理人
A15: 下記のとおり支給品を精算します。
A17: 記
A19: 工 事 名 | B19: =入力シート!C8 -> 市道○△□線道路改良工事 | F19: 契約年月日 | H19: =入力シート!C11 -> 46113
A20: 品 目 | C20: 規 格 | D20: 単位 | E20: 数 量 | I20: 備 考
E21: 支給数量 | F21: 使用数量 | G21: 残 数 量
J38: 物品管理簿登記
B39: 上記精算について調査したところ事実に相違ないことを証明する。
A40: 監督員
E41: 年月日：
A42: 証 明 欄
E43: （氏名）
A47: 注： 押印を省略する場合は、以下に発行責任者及び担当者の氏名及び連絡先を記載すること。
A49: 発行責任者及び担当者
A50: ・発行責任者： | F50: （電話番号）
A51: ・担 当 者： | F51: （電話番号）

Sheet 32) 様式-26
A1: 様式－２６
A4: 建設機械使用実績報告書
AF5: 自 | AI5: 日
V6: 令和 | Z6: 年 | AC6: 月分
AF7: 至 | AI7: 日
F9: 工事名 | J9: =入力シート!C8 -> 市道○△□線道路改良工事
F10: 建設機械の貸付契約年月日 | AO10: 借受人（氏名）
F11: 監督職員の認印 | AO11: 作成者（氏名）
A13: 建設機械名 | F13: 建設機械 番号 | K13: おもな 作業内容 | P13: おもな作業の作業量 | U13: 稼動状況 | AG13: 維持修理費 | AM13: 修理個所等 | AX13: 摘要
U14: 運転日数 | AA14: 運転時間
Y15: 日 | AE15: 時間 | AK15: 千円
Y16: 日 | AE16: 時間 | AK16: 千円
Y17: 日 | AE17: 時間 | AK17: 千円
Y18: 日 | AE18: 時間 | AK18: 千円
Y19: 日 | AE19: 時間 | AK19: 千円
Y20: 日 | AE20: 時間 | AK20: 千円
Y21: 日 | AE21: 時間 | AK21: 千円
B22: (注)
B23: 1．おもな作業内容の欄は、貸付機械を二工種以上の異なる作業に使用したときは、運転時間又は運転日数の最も多い作業内容を記入する。
B24: 2．おもな作業の作業量の欄は、おもな作業内容に欄に記入した作業の作業量を測定できるときに記入する。
B25: 3．運転時間の欄は、運転時間の管理のできない機械又は管理の必用のない機械については、記入を省略することができる。
B26: 4．運転のミス又は不慮の事故に伴う修理で、当該修理に要した費用が300千円を超えるときは、修理内容の詳細な説明を添付する。

Sheet 33) 様式-27
A1: 様式－２７
F3: 年月日：
A5: ="渋川市長 "&入力シート!C6 -> 渋川市長 星名 建市 | D5: あて
F7: 受注者 （住所） | G7: =入力シート!C24 -> 渋川市石原１０００
F9: （氏名） | G9: =入力シート!C25 -> 渋川建設株式会社
G10: =入力シート!C26 -> 渋川 代表
F11: （現場代理人氏名） | G11: =入力シート!C14 -> 現場 代理人
D14: 建設機械借用・返納書
A18: 本工事における使用建設機械を機能現況確認の上、下記のとおり | H18: しました。
A25: 工事名 | B25: =入力シート!C8 -> 市道○△□線道路改良工事
A26: 建設機械名 | B26: 型式 | C26: 機械番号 | D26: 付属品 | G26: 引渡しを 受けた場所 | H26: 備考
D27: 名称 | E27: 規格 | F27: 数量
D32: 引渡し立会者
D33: 発注者 （氏名）
D34: 借 受 人 （氏名）
A37: 注： 押印を省略する場合は、以下に発行責任者及び担当者の氏名及び連絡先を記載すること。
A39: 発行責任者及び担当者
A40: ・発行責任者： | F40: （電話番号）
A41: ・担 当 者： | F41: （電話番号）

Sheet 34) 様式-28
A1: 様式－２８ | E1: 年月日：
A3: ="渋川市長 "&入力シート!C6 -> 渋川市長 星名 建市 | B3: あて
D5: 受注者 （住所） | E5: =入力シート!C24 -> 渋川市石原１０００
D7: （氏名） | E7: =入力シート!C25 -> 渋川建設株式会社
E8: =入力シート!C26 -> 渋川 代表
D9: （現場代理人氏名） | E9: =入力シート!C14 -> 現場 代理人
A11: 現 場 発 生 品 調 書
A14: =入力シート!C11 -> 46113 | B14: 付けをもって請負契約を締結した
A15: =入力シート!C8 -> 市道○△□線道路改良工事
A16: における下記の発生品を引き渡します。
A18: 記
A20: 品 名 | B20: 規 格 | C20: 単 位 | D20: 数 量 | F20: 摘 要
A36: 注： 押印を省略する場合は、以下に発行責任者及び担当者の氏名及び連絡先を記載すること。
A38: 発行責任者及び担当者
A39: ・発行責任者： | C39: （電話番号）
A40: ・担 当 者： | C40: （電話番号）

Sheet 35) 様式-29
A1: 様式－２９
U3: 年月日：
B5: ="渋川市長 "&入力シート!C6 -> 渋川市長 星名 建市 | K5: あて
T10: （受注者） | U10: =入力シート!C25 -> 渋川建設株式会社
U11: =入力シート!C26 -> 渋川 代表
A14: 完 成 通 知 書
D17: 下記工事は | I17: 令和 年 月 日 | R17: をもって完成したので工事請負契約書
C19: 第32条第1項に基づき通知します。
A22: 記
D25: 1． | E25: 工 事 名 | K25: =入力シート!C8 -> 市道○△□線道路改良工事
D28: 2． | E28: 請負代金額 | K28: ￥ | L28: =入力シート!C23 -> 50000000
D31: 3． | E31: 契約年月日 | K31: =入力シート!C11 -> 46113
D34: 4． | E34: 工期 | K34: 自 | L34: =入力シート!C12 -> 46113 | T34: 至 | U34: =入力シート!C13 -> 46381
D39: (注) | F39: 本文の年月日は実際に完成した年月日を記載する
B41: 注： 押印を省略する場合は、以下に発行責任者及び担当者の氏名及び連絡先を記載すること。
B43: 発行責任者及び担当者
B44: ・発行責任者： | P44: （電話番号）
B45: ・担 当 者： | P45: （電話番号）

Sheet 36) 様式-30
A1: 様式－３０
U3: 年月日：
B6: ="渋川市長 "&入力シート!C6 -> 渋川市長 星名 建市 | K6: あて
T9: （受注者） | U9: =入力シート!C25 -> 渋川建設株式会社
U10: =入力シート!C26 -> 渋川 代表
A13: 引 渡 書
D17: 下記工事を工事請負契約書第32条第4項に基づき引渡します。
D20: 1． | E20: 工事名 | K20: =入力シート!C8 -> 市道○△□線道路改良工事
D23: 2． | E23: 請負代金額 | K23: ￥ | L23: =入力シート!C23 -> 50000000
D26: 3． | E26: 検査年月日
B35: 注： 押印を省略する場合は、以下に発行責任者及び担当者の氏名及び連絡先を記載すること。
B37: 発行責任者及び担当者
B38: ・発行責任者： | S38: （電話番号）
B39: ・担 当 者： | S39: （電話番号）

Sheet 37) 様式-31
A1: 様式－３１
A2: 出 来 形 管 理 図 表
B4: 工 種
B6: 種 別 | L6: 測定者
M8: 略 図
A20: 測定項目 | E20: 測定項目 | I20: 測定項目
A21: 規 格 値 | E21: 規 格 値 | I21: 規 格 値
A22: 測点又は区別 | B22: 設計値 | C22: 実測値 | D22: 差 | E22: 測点又は区別 | F22: 設計値 | G22: 実測値 | H22: 差 | I22: 測点又は区別 | J22: 設計値 | K22: 実測値 | L22: 差
A24: 平 均 値
A25: 最 大 値
A26: 最 小 値
A27: 最 多 値
A28: データ数
A29: 標準偏差

Sheet 38) 様式-31-2
A1: 様式－３１－２
A2: 出来形合否判定総括表
B4: 工 種 | K4: 測点
B6: 種 別 | K6: 合否判定結果
A8: 測定項目
D10: 規格値 | E10: 判定
A13: 天端 標高較差 | B13: 平均値
B15: 最大値(差）
B17: 最小値(差）
B19: データ数
B21: 評価面積
B23: 棄却点数
A25: 法面 標高較差 | B25: 平均値
B27: 最大値(差）
B29: 最小値(差）
B31: データ数
B33: 評価面積
B35: 棄却点数

Sheet 39) 様式-32
A1: 様式－３２
A2: 品 質 管 理 図 表
B4: 工 種
B6: 種 別 | L6: 測定者
M8: 略 図
A20: 測定項目 | E20: 測定項目 | I20: 測定項目
A21: 規 格 値 | E21: 規 格 値 | I21: 規 格 値
A22: 測点又は区別 | B22: 設計値 | C22: 実測値 | D22: 差 | E22: 測点又は区別 | F22: 設計値 | G22: 実測値 | H22: 差 | I22: 測点又は区別 | J22: 設計値 | K22: 実測値 | L22: 差
A24: 平 均 値
A25: 最 大 値
A26: 最 小 値
A27: 最 多 値
A28: データ数
A29: 標準偏差

Sheet 40) 様式-34(1)
A1: 様式－３４(1)
A2: 創意工夫・社会性等に関する実施状況
A4: 工 事 名 | B4: =入力シート!C8 -> 市道○△□線道路改良工事 | D4: 受注者名 | E4: =入力シート!C25 -> 渋川建設株式会社
A5: 項 目 | B5: 評価内容 | C5: 実施内容
A7: 創意工夫 | B7: 施工 | C7: ・施工に伴う器具、工具、装置等の工夫
C8: ・コンクリート二次製品等の代替材の適用
C9: ・施工方法の工夫、施工環境の改善
A10: 自ら立案実施した創意工夫や技術力 | C10: ・仮設備計画の工夫
C11: ・施工管理の工夫
C12: ・ＩＣＴ（情報通信技術）の活用 等
B16: 新技術活用 | C16: ＮＥＴＩＳ登録技術のうち、
C17: ・試行技術の活用
C18: ・「少実績優良技術」の活用
C19: ・「少実績優良技術」 を除く「有用とされる技術」 の活用
C20: ・試行技術及び「有用とされる技術」以外の新技術 の活用
B24: 品質 | C24: ・土工、設備、電気の品質向上の工夫
C25: ・コンクリートの材料、打設、養生の工夫
C26: ・鉄筋、コンクリート二次製品等使用材料の工夫
C27: ・配筋、溶接作業等の工夫 等
B30: 安全衛生 | C30: ・安全衛生教育・講習会・パトロール等の工夫
C31: ・仮設備の工夫
C32: ・作業環境の改善
C33: ・交通事故防止の工夫
C34: ・環境保全の工夫 等
A36: 社会性等 | B36: 地域への貢献等 | C36: ・周辺環境への配慮
C37: ・現場環境の周辺地域との調和
A38: 地域社会や住民に対する貢献 | C38: ・地域住民とのコミュニケーション
C39: ・災害時など地域への支援・行政などによる救援活動への協力 等

Sheet 41) 様式-34(2)
A1: 様式－３４(2)
A2: 創意工夫・社会性等に関する実施状況
A4: 工 事 名 | B4: =入力シート!C8 -> 市道○△□線道路改良工事
A5: 項 目 | C5: 評価内容
A6: 提案内容
A7: （説明）
A15: (添付図）
A46: 説明資料は簡潔に作成するものとし、必要に応じて別葉とする
